 Dungeon Crawl Stone Soup version 0.31-a0-875-g02e7d12df6 (webtiles) character file.

Game seed: 11330165651816958812

11 IdlyInterested the Vexing (level 2, -1/33 HPs)
             Began as a Demonspawn Wanderer on Oct 12, 2023.
             Slain by Terence
             ... wielding a +0 flail of protection
              (7 damage)
             ... on level 2 of the Dungeon.
             The game lasted 00:03:02 (814 turns).

IdlyInterested the Vexing (Demonspawn Wanderer)      Turns: 814, Time: 00:03:02

Health: -1/33      AC: 21    Str: 10    XL:     2   Next: 13%
Magic:  3/3        EV:  2    Int: 15    God:
Gold:   41         SH:  0    Dex: 12    Spells: 3/3 levels left

rFire   . . .        (no weapon)
rCold   . . .        (no shield)
rNeg    . . .        c - melded +0 robe
rPois   +            (helmet currently unavailable)
rElec   .            h - melded +2 cloak
rCorr   .            j - melded +0 pair of gloves
SInv    .            (boots currently unavailable)
Will    .....        (no amulet)
Stlth   ++           k - +5 ring of evasion
HPRegen 0.25/turn    (no ring)
MPRegen 0.08/turn

%: no passive effects
@: tree-form, attractive
A: stationary, stasis, torment immunity, boosted hp, (horns 1)
a: no special abilities


You were on level 2 of the Dungeon.
You were a tree.
You visited 1 branch of the dungeon, and saw 2 of its levels.

You collected 41 gold pieces.

Inventory:

Hand Weapons
 a - a +0 dagger
Missiles
 g - 11 stones (quivered)
Armour
 c - a +0 robe (melded)
 h - a +2 cloak (melded)
 i - a +0 chain mail
 j - a +0 pair of gloves (melded)
Jewellery
 k - a +5 ring of evasion (left branch)
Scrolls
 b - a scroll of vulnerability
 d - a scroll of identify {unknown}
 l - a scroll of enchant weapon {unknown}
 m - a scroll of teleportation {unknown}
Potions
 f - a potion of attraction


   Skills:
 * Level 1.9 Fighting
 - Level 2.0 Armour
 + Level 0.2 Dodging
 - Level 1.0 Stealth
 - Level 1.0 Spellcasting
 - Level 3.0 Hexes
 - Level 1.7 Fire Magic


You had 3 spell levels left.
You didn't know any spells.
Your spell library contained the following spells:

 Spells                   Type           Power      Damage    Failure   Level
 Slow                     Hex            36%        N/A       7%          1
 Foxfire                  Conj/Fire      12%        2x1d4     17%         1
 Tukima's Dance           Hex            9%         N/A       22%         3
 Inner Flame              Hex/Fire       7%         N/A       28%         3
 Summon Guardian Golem    Hex/Summ       5%         N/A       36%         3


Dungeon Overview and Level Annotations

Branches:
Dungeon (2/15)

Altars:
Ashenzari

Annotations:
D:2 Terence


Innate Abilities, Weirdness & Mutations

You are a tree.
Your roots penetrate the ground, keeping you stationary.
You cannot be teleported.
You are immune to unholy pain and torment.
Your maximum health is greatly increased.
Your equipment is partially melded.
((You have a pair of small horns on your head.))


Message History

Terence is lightly wounded.
Terence closely misses you.
You hit Terence but do no damage.
Terence is lightly wounded.
Terence hits you but does no damage.
You hit Terence but do no damage. You headbutt Terence, but do no damage.
Terence is lightly wounded.
Terence hits you with a +0 flail of protection.
You hit Terence but do no damage.
Terence is lightly wounded.
Terence hits you with a +0 flail of protection.
You barely miss Terence.
Terence is lightly wounded.
Terence completely misses you.
You barely miss Terence.
Terence is lightly wounded.
Terence hits you with a +0 flail of protection.
You hit Terence but do no damage. You headbutt Terence.
Terence is moderately wounded.
Terence hits you but does no damage.
You hit Terence but do no damage.
Terence is moderately wounded.
Terence hits you with a +0 flail of protection!
* * * LOW HITPOINT WARNING * * *
You closely miss Terence. You headbutt Terence, but do no damage.
Terence is moderately wounded.
Terence hits you with a +0 flail of protection.
* * * LOW HITPOINT WARNING * * *
You barely miss Terence.
Terence is moderately wounded.
Terence closely misses you.
It was a potion of lignification.
You turn into a tree.
Your +2 cloak melds into your body.
Your +0 pair of gloves melds into your body.
Your +0 robe melds into your body.
Your roots penetrate the ground.
Terence hits you with a +0 flail of protection.
* * * LOW HITPOINT WARNING * * *
You are now empty-handed.
Terence hits you with a +0 flail of protection!
You die...

.........#
#####+###......#
.......<#...#<.#
........#...#.##
............#.#
.......##...#.# ###
.......+......# ..#
.......##@#.### #.#
....... #♣#.#### #.#
.########.# ...# #.#
..........# #.# #.#
#........## #.#
###.## #........#
#.# #....#
#........# #.#
#.#### ........##
#.# #.# #.......##
##.###.#
#........####......#


You could see Terence.

Vanquished Creatures
  A dart slug (D:1)
  A bat (D:1)
  An endoplasm (D:1)
  A giant cockroach (D:1)
  3 goblins (D:1)
  A ball python (D:1)
8 creatures vanquished.

Notes
Turn   | Place    | Note
-------+----------+-------------------------------------------
     0 | D:1      | IdlyInterested the Demonspawn Wanderer began the quest for
                  | the Orb.
     0 | D:1      | IdlyInterested set off with the following items: a +0
                  | dagger, a scroll of vulnerability, a +0 robe, a +0 cloak;
                  | and the following spells available to memorise: Slow,
                  | Foxfire, Tukima's Dance, Inner Flame, Summon Guardian
                  | Golem.
     0 | D:1      | Reached XP level 1. HP: 15/15 MP: 2/2
   419 | D:1      | Gained mutation: You have a pair of small horns on your
                  | head. [demonic ancestry]
   419 | D:1      | Reached XP level 2. HP: 22/22 MP: 3/3
   741 | D:2      | Noticed Terence
   765 | D:2      | Found a broken altar of Ashenzari.
   814 | D:2      | Slain by Terence

Illustrated notes

Levels and vault maps discovered:
D:1:      mrwooster_arrival_statue, layout_basic
D:2:      layout_basic, basic_altar, basic_ecumenical_altar,
          minmay_misc_feat_encased, nicolae_kite_square_tiling_tiny,
          minmay_fountain_box, minmay_split_cup_large, uniq_terence

Skill      XL: |  1 |
---------------+----+-----
Armour         | 2 |  2.0
Fighting       | |  1.9
Dodging        | |  0.2
Stealth        | |  1.0
Spellcasting   | |  1.0
Hexes          | |  3.0
Fire Magic     | |  1.7

Action                     || total
---------------------------++-------
  Melee: Dagger            ||    52
         Headbutt          ||     7
  Throw: Stone             ||     5
    Use: Potion            ||     2
   Stab: Sleeping          ||     1
 Armour: Robe              ||    28
         Skin              ||     2
  Dodge: Dodged            ||    33

Table legend: (Time is in decaauts)
 A = Elapsed time spent in this place.
 B = Non-inter-level travel time spent in this place.
 C = Inter-level travel time spent in this place.
 D = Time resting spent in this place.
 E = Time spent auto-exploring this place.
 F = Levels seen in this place.
 G = Mean time per level.
                   A        B        C        D        E       F      G
               +--------+--------+--------+--------+--------+-----+--------+
         Total |    814 |    710 |    104 |      0 |    493 |   2 |  407.0 |
       Dungeon |    814 |    710 |    104 |      0 |    493 |   2 |  407.0 |
               +--------+--------+--------+--------+--------+-----+--------+

Top non-repeatable levels by time:
     D:1: 750 daAuts
     D:2: 64 daAuts
